 Dungeon Crawl Stone Soup version 0.25-a0-890-g62861fb (webtiles) character file.

Game seed: 8800513952884629245, levelgen mode: deterministic

133 BlueFish the Grasshopper (level 5, 0/35 HPs)
             Began as an Octopode Warper on May 11, 2020.
             Slain by an orc
             ... wielding a +0 flail
              (10 damage)
             ... on level 2 of the Dungeon.
             The game lasted 00:06:57 (2256 turns).

BlueFish the Grasshopper (Octopode Warper)          Turns: 2256, Time: 00:06:58

Health: 0/35       AC:  1    Str: 12    XL:     5   Next: 16%
Magic:  3/8        EV: 14    Int: 15    God:
Gold:   97         SH:  0    Dex: 11    Spells: 1/8 levels left

rFire    . . .     SeeInvis .     - Unarmed
rCold    . . .     Gourm    .   (no shield)
rNeg     . . .     Faith    .   (helmet restricted)
rPois    .         Spirit   .   (no amulet)
rElec    .         Reflect  .   (no ring)
rCorr    .         Harm     .   (no ring)
MR       .....                  (no ring)
Stlth    +++.......             (no ring)
HPRegen  0.11/turn              (no ring)
MPRegen  0.11/turn              (no ring)
                                (no ring)
                                (no ring)

@: no status effects
A: almost no armour, stealthy swim, amphibious, 8 rings, constrict 8, camouflage
1, gelatinous body 1
a: no special abilities


You were on level 2 of the Dungeon.
You were hungry.

You visited 1 branch of the dungeon, and saw 3 of its levels.

You collected 97 gold pieces.

Inventory:

Missiles
 c - 5 boomerangs of dispersal
 g - 10 poisoned darts (quivered)
 n - 4 boomerangs
Jewellery
 o - an uncursed ring of fire {unknown}
Scrolls
 a - a scroll of remove curse
 b - a scroll of blinking
 h - a scroll of noise {unknown}
 k - a scroll of fog
 p - a scroll of teleportation {unknown}
 q - a scroll of identify
Potions
 e - a potion of stabbing
 f - a potion of heal wounds {unknown}
 i - 2 potions of curing {unknown}
 j - a potion of cancellation {unknown}
 l - a potion of brilliance {unknown}
Comestibles
 d - 3 rations
 m - 2 chunks of flesh


   Skills:
 * Level 2.6 Fighting
 * Level 1.7 Throwing
 * Level 2.8 Dodging
 * Level 2.5 Stealth
 * Level 3.0 Unarmed Combat
 + Level 2.2 Spellcasting
 + Level 0.5 Charms
 * Level 3.3 Translocations


You had one spell level left.
You knew the following spells:

 Your Spells              Type           Power        Failure   Level  Hunger
a - Shroud of Golubria    Chrm/Tloc      #.....       16%         2    ###....
b - Blink                 Tloc           N/A          9%          2    ###....
c - Lesser Beckoning      Tloc           ##........   17%         3    ###....

Your spell library contained the following spells:

 Spells                   Type           Power        Failure   Level  Hunger
 Gell's Gravitas          Tloc           ##........   17%         3    ###....
 Teleport Other           Tloc           ##......     17%         3    ###....
 Passage of Golubria      Tloc           N/A          50%         4    #####..


Dungeon Overview and Level Annotations

Branches:
Dungeon (3/15)

Altars:
Dithmenos
Ru


Innate Abilities, Weirdness & Mutations

You cannot wear most types of armour.
You are very stealthy in the water. (Stealth+)
You are amphibious.
You can wear up to eight rings at the same time.
You can use your tentacles to constrict eight enemies at once.
Your skin changes colour to match your surroundings (Stealth+).
Your rubbery body absorbs attacks. (AC +1, EV +1)


Message History

Your shroud begins to fray at the edges.
The sky beast barely misses you.
Casting: Shroud of Golubria (safe; 16% risk of failure)
Confirm with . or Enter, or press ? or * to list all spells.
You blink.
An orc comes into view. It is wielding a +0 flail.
The orc shouts!
The adder hisses angrily.
You hear a shout! x4
You hear an angry hiss.
There is a stone staircase leading up here.
The orc misses you.
You climb upwards.
There is a stone staircase leading down here.
You tentacle-slap the orc. You grab the orc.
The orc is severely wounded.
Your shroud unravels.
You constrict the orc. The orc hits you but does no damage.
You tentacle-slap the orc but do no damage.
The orc is severely wounded.
You constrict the orc. The orc hits you with a +0 flail!
You die...

.# #...........#
#......# .#
#...........# ##(.....#
.##### #....(......#
#.......# .....#
#...........###.......#
.....#
#...........'.........#
.....#
#...........#####.....#
.##### #...........#
#.....# .#
##...........# #.....#
.# #.........@o.#
#.....# .#
#............# #.>...#
.######....#########
#.....# .............#
#.....# #รท...........#
####### #............#
#............#
#............#
#............#


You could see an orc.

Vanquished Creatures
  Robin (D:2)
  4 adders (D:2)
  4 worms (D:2)
  3 dart slugs
  A leopard gecko (D:2)
  3 bats
  A bat zombie (D:1)
  4 giant cockroaches (D:2)
  16 goblins
  7 hobgoblins
  7 jackals (D:1)
  2 kobolds
  A quokka (D:3)
  4 frilled lizards
  A quokka zombie (D:1)
  3 rats
62 creatures vanquished.

Notes
Turn   | Place    | Note
-------+----------+-------------------------------------------
     0 | D:1      | BlueFish the Octopode Warper began the quest for the Orb.
     0 | D:1      | Reached XP level 1. HP: 14/14 MP: 3/3
    92 | D:1      | Reached XP level 2. HP: 14/19 MP: 5/5
   172 | D:1      | Learned a level 2 spell: Shroud of Golubria
   175 | D:1      | Learned a level 2 spell: Blink
   198 | D:1      | Reached skill level 1 in Stealth
   494 | D:1      | Reached XP level 3. HP: 17/24 MP: 2/6
  1104 | D:2      | Found a sacrificial altar of Ru.
  1147 | D:2      | Reached XP level 4. HP: 18/29 MP: 4/7
  1152 | D:2      | Learned a level 3 spell: Lesser Beckoning
  1447 | D:2      | Noticed Robin
  1461 | D:2      | Killed Robin
  1853 | D:2      | Found a shadowy altar of Dithmenos.
  1930 | D:2      | Reached XP level 5. HP: 33/35 MP: 5/8
  2221 | D:3      | Noticed a sky beast
  2256 | D:2      | Slain by an orc

Levels and vault maps discovered:
D:1:      saegor_arrival_fortress, layout_loops_ring
D:2:      layout_basic, grunt_dithmenos_smoke_and_mirrors, first_ration,
          nicolae_ru_sacrificial_ziggurat, uniq_robin
D:3:      layout_loops_cross, minmay_checkerbox

Skill      XL: |  1  2  3  4 |
---------------+-------------+-----
Stealth        | 1 2 |  2.5
Unarmed Combat | 3 |  3.0
Fighting       | |  2.6
Throwing       | |  1.7
Dodging        | |  2.8
Spellcasting   | |  2.2
Charms         | |  0.5
Translocations | |  3.3

Action                   |  1- 3 |  4- 6 || total
-------------------------+-------+-------++-------
Melee: Unarmed           |    80 |    89 ||   169
       Constrict         |    26 |    24 ||    50
       Tentacles         |    18 |    14 ||    32
       Punch             |     1 |     1 ||     2
Throw: Dart              |       |     6 ||     6
 Cast: Shroud of Golubri |    11 |    19 ||    30
       Blink             |       |     1 ||     1
  Use: Scroll            |     4 |       ||     4
 Stab: Sleeping          |     5 |     3 ||     8
  Eat: Chunk             |     2 |     4 ||     6
Armor: Skin              |     3 |     5 ||     8
Dodge: Dodged            |    43 |    38 ||    81

Table legend:
 A = Non-vault XP
 B = Vault XP
 C = Vault XP percentage of total XP
 D = Non-vault monster count
 E = Vault monster count
 F = Vault count percentage of total count
                 A         B        C        D         E       F
            +---------+---------+-------+---------+---------+-------
      Total |     151 |      39 |  20.5 |      49 |      13 |  21.0
            +---------+---------+-------+---------+---------+-------
        D:1 |      41 |       3 |   6.8 |      22 |       2 |   8.3
        D:2 |     108 |      36 |  25.0 |      26 |      11 |  29.7
        D:3 |       2 |       0 |   0.0 |       1 |       0 |   0.0
            +---------+---------+-------+---------+---------+-------
